[Event "January 2 Early 2024"]
[Site "https://www.chess.com"]
[Date "2024.01.02"]
[Round "1"]
[White "Kostic, Vladimir V"]
[Black "Rustemov, Alexander"]
[Result "0-1"]
[Board "90"]
[TimeControl "180+1"]
[WhiteFideId "903620"]
[BlackFideId "4119002"]
[WhiteElo "2452"]
[BlackElo "2852"]
[WhiteTeam "SRB"]
[BlackTeam "RUS"]
[WhiteClock "0:00:01"]
[BlackClock "0:01:12"]

1. e4 e6 2. d4 d5 3. Nc3 dxe4 4. Nxe4 Bd7 5. Nf3 Bc6 6. Bd3 Nd7 7. O-O Ngf6 8. Nxf6+ Qxf6 9. c3 Bxf3 10. Qxf3 Qxf3 11. gxf3 Nf6 12. Bf4 Bd6 13. Bg3 Nh5 14. Rfe1 O-O-O 15. Bf1 g6 16. Rad1 c6 17. a4 a5 18. Bc4 Rd7 19. Re4 Rhd8 20. Rde1 Kc7 21. Bh4 Be7 22. Bg3+ Bd6 23. Bh4 Rb8 24. Bb3 h6 25. Bg3 g5 26. R1e2 Nf4 27. Rd2 Rbd8 28. Kf1 Nd5 29. h4 Rg8 30. c4 Nb4 31. Re1 Rgd8 32. Red1 Bxg3 33. fxg3 e5 34. hxg5 hxg5 35. d5 cxd5 36. cxd5 Kd6 37. Kg2 Rh8 38. Re1 f6 39. Rc1 Rdh7 40. Rcd1 f5 41. Kf2 f4 42. Rg1 Rh2+ 43. Rg2 fxg3+ 44. Kxg3 R2h3+ 45. Kf2 Rf8 46. Bd1 Rf5 47. Be2 e4 48. Rg4 exf3 49. Bf1 Rh2+ 50. Ke3 Re5+ 51. Kxf3 Rxd2 52. Rxg5 Rxg5 0-1

[Event "January 2 Early 2024"]
[Site "https://www.chess.com"]
[Date "2024.01.02"]
[Round "1"]
[White "Ilamparthi A R"]
[Black "Karas, Marek"]
[Result "1-0"]
[Board "91"]
[TimeControl "180+1"]
[WhiteFideId "45015775"]
[BlackFideId "14928558"]
[WhiteElo "2850"]
[BlackElo "2451"]
[WhiteTeam "IND"]
[BlackTeam "CZE"]
[WhiteClock "0:00:21"]
[BlackClock "0:00:00"]

1. d4 Nf6 2. Nf3 d5 3. Bf4 e6 4. e3 Bd6 5. Bg3 O-O 6. Nbd2 c5 7. dxc5 Bxc5 8. c4 Nc6 9. Be2 dxc4 10. Bxc4 a6 11. Rc1 Qe7 12. O-O Rd8 13. Qe2 b5 14. Bd3 Nb4 15. Bb1 Bb7 16. a3 Nbd5 17. e4 Nc7 18. Bxc7 Qxc7 19. b4 Bxf2+ 20. Qxf2 Qf4 21. g3 Qg4 22. Rc7 Rab8 23. Rxf7 Rf8 24. Rxf8+ Rxf8 25. Qe3 Qh3 26. Ng5 Qg4 27. Ba2 Bc8 28. h3 Qh5 29. Nxe6 Bxe6 30. Bxe6+ Kh8 31. e5 Nd7 32. Bxd7 1-0

[Event "January 2 Early 2024"]
[Site "https://www.chess.com"]
[Date "2024.01.02"]
[Round "1"]
[White "Gatterer, Florian"]
[Black "Materia, Marco"]
[Result "0-1"]
[Board "92"]
[TimeControl "180+1"]
[WhiteFideId "811688"]
[BlackFideId "45150451"]
[WhiteElo "2450"]
[BlackElo "2844"]
[WhiteTeam "ITA"]
[BlackTeam "FRA"]
[WhiteClock "0:00:00"]
[BlackClock "0:00:54"]

1. d4 Nf6 2. Bg5 d5 3. e3 e6 4. Nd2 Be7 5. Ngf3 c5 6. c3 Nc6 7. Bb5 O-O 8. O-O Qb6 9. Qa4 h6 10. Bh4 Bd7 11. Rab1 a6 12. Bxc6 Bxc6 13. Qc2 Rfc8 14. Rfc1 Be8 15. Qd1 cxd4 16. exd4 Qd8 17. Ne5 b5 18. a3 a5 19. h3 b4 20. axb4 axb4 21. Qf3 Ra2 22. Bxf6 Bxf6 23. cxb4 Rxb2 24. Rxb2 Rxc1+ 25. Kh2 Qc7 26. Qe3 Be7 27. g3 Rc3 28. Qe2 Qb6 29. Ndf3 f6 30. Nd3 Bb5 31. Rd2 Bxb4 32. Qd1 Bd6 33. Nc5 Bxc5 34. dxc5 Qxc5 35. Rb2 e5 36. Qe1 Rxf3 37. Qb1 Rxf2+ 38. Kh1 Rf1+ 39. Kh2 Rxb1 0-1

[Event "January 2 Early 2024"]
[Site "https://www.chess.com"]
[Date "2024.01.02"]
[Round "1"]
[White "Durarbayli, Vasif"]
[Black "Mohammadi, Melika"]
[Result "1-0"]
[Board "93"]
[TimeControl "180+1"]
[WhiteFideId "13402935"]
[BlackFideId "42529271"]
[WhiteElo "2841"]
[BlackElo "2448"]
[WhiteTeam "AZE"]
[BlackTeam "IRI"]
[WhiteClock "0:02:06"]
[BlackClock "0:00:00"]

1. c4 e6 2. e4 d5 3. exd5 exd5 4. d4 Nf6 5. Nc3 Be7 6. cxd5 Nxd5 7. Bd3 Nf6 8. h3 O-O 9. Nf3 Nc6 10. O-O Nb4 11. Bb1 Nbd5 12. Re1 c6 13. Bg5 h6 14. Bh4 Nxc3 15. bxc3 Nd5 16. Qd3 g6 17. Rxe7 Nxe7 18. Qe3 Re8 19. Qxh6 Qd6 20. Ng5 Qf6 21. Ne4 Qg7 22. Nf6+ Kf8 23. Qxg7+ Kxg7 24. Nxe8+ Kf8 25. Nf6 Nf5 26. Bxf5 Bxf5 27. Re1 Kg7 28. g4 Be6 29. a3 Rh8 30. Bg5 Rxh3 31. Re3 Rh8 32. f3 Rc8 33. Kg2 b5 34. Re1 a5 35. Rh1 Rh8 36. Rxh8 Kxh8 37. Bh6 Bc4 38. Kg3 Bd5 39. Kf4 Bc4 40. Ke5 Be2 41. Kd6 Bxf3 42. Ke7 Bd5 43. Kf8 1-0

[Event "January 2 Early 2024"]
[Site "https://www.chess.com"]
[Date "2024.01.02"]
[Round "1"]
[White "Mizzi, Jack"]
[Black "Bacrot, Etienne"]
[Result "0-1"]
[Board "94"]
[TimeControl "180+1"]
[WhiteFideId "5602521"]
[BlackFideId "605506"]
[WhiteElo "2441"]
[BlackElo "2839"]
[WhiteTeam "MLT"]
[BlackTeam "FRA"]
[WhiteClock "0:01:10"]
[BlackClock "0:00:35"]

1. d4 d5 2. c4 e6 3. Nf3 Nf6 4. g3 Be7 5. Bg2 O-O 6. O-O c6 7. Nbd2 b6 8. Qc2 Ba6 9. Rd1 Nbd7 10. e4 Nxe4 11. Nxe4 dxe4 12. Qxe4 Bxc4 13. Qxc6 Bd5 14. Qc2 Rc8 15. Qd3 Qc7 16. Bg5 Bxf3 17. Rdc1 Nc5 18. Qxf3 Bxg5 19. Rc2 Qe7 20. dxc5 Rxc5 21. Rxc5 bxc5 22. h4 Bf6 23. Qb3 g6 24. Rd1 Bd4 25. h5 Qf6 26. Qf3 Bxb2 27. Rd7 a5 28. Qxf6 Bxf6 29. hxg6 hxg6 30. Ra7 Bc3 31. Ra8 Rxa8 32. Bxa8 Bd4 33. Kf1 c4 34. Bc6 Kf8 35. Bb5 c3 36. Bd3 Ke7 37. Ke2 f5 38. f3 Kf6 39. Bb1 Be5 40. g4 Kg5 41. gxf5 exf5 42. Ke3 Bf6 43. Bc2 Bd8 44. Kd3 Kf4 45. Kxc3 Kxf3 0-1

[Event "January 2 Early 2024"]
[Site "https://www.chess.com"]
[Date "2024.01.02"]
[Round "1"]
[White "Finek, Vaclav"]
[Black "Kukreja Sankalp"]
[Result "1-0"]
[Board "95"]
[TimeControl "180+1"]
[WhiteFideId "23718293"]
[BlackFideId "45027676"]
[WhiteElo "2838"]
[BlackElo "2441"]
[WhiteTeam "CZE"]
[BlackTeam "IND"]
[WhiteClock "0:00:31"]
[BlackClock "0:00:03"]

1. d4 d5 2. c4 c6 3. Nf3 Nf6 4. Qc2 dxc4 5. Qxc4 Bf5 6. g3 e6 7. Bg2 Be7 8. O-O O-O 9. e3 Nbd7 10. Rd1 Qc7 11. Nc3 Rac8 12. Qe2 Ne4 13. Nh4 Nxc3 14. bxc3 Bxh4 15. gxh4 Nf6 16. e4 Bg4 17. f3 Bh5 18. Bg5 e5 19. Qe3 Nd7 20. Qf2 f6 21. Be3 Rcd8 22. Qg3 f5 23. dxe5 Qxe5 24. Qxe5 Nxe5 25. Rxd8 Rxd8 26. f4 Nc4 27. Bxa7 fxe4 28. Bxe4 Nd2 29. Bg2 Nf3+ 30. Bxf3 Bxf3 31. Bd4 Bd5 32. a4 Ra8 33. a5 Bc4 34. Rb1 Ba6 35. Re1 Rf8 36. Be5 Rf7 37. Rd1 h6 38. Kg2 Kh7 39. Kg3 Kg6 40. Rd6+ Kf5 41. h5 Be2 42. Rg6 Bxh5 43. Rxg7 Rxg7+ 44. Bxg7 Kg6 45. Bf8 Be2 46. Kf2 Bc4 47. Ke3 h5 48. Ke4 Kf6 49. Bd6 Bd5+ 50. Kd4 Kf5 51. Kc5 Be4 52. Kb6 c5 53. Kxc5 Kg4 54. Kd4 Bc6 55. Ke5 Bd7 56. Kf6 Bf5 57. c4 Bd3 58. c5 Be4 59. Ke7 Kh3 60. Ke6 Kxh2 61. f5+ Kg2 62. f6 Bg6 63. f7 Bxf7+ 64. Kxf7 h4 65. Ke8 1-0

[Event "January 2 Early 2024"]
[Site "https://www.chess.com"]
[Date "2024.01.02"]
[Round "1"]
[White "Barak, Gil"]
[Black "Kadric, Denis"]
[Result "1-0"]
[Board "96"]
[TimeControl "180+1"]
[WhiteFideId "2812690"]
[BlackFideId "14403803"]
[WhiteElo "2439"]
[BlackElo "2837"]
[WhiteTeam "ISR"]
[BlackTeam "MNE"]
[WhiteClock "0:00:43"]
[BlackClock "0:01:52"]

1. e4 d6 2. d4 Nf6 3. Nc3 Nbd7 4. Nf3 e5 5. Bc4 Be7 6. O-O O-O 7. Re1 c6 8. a4 h6 9. h3 Re8 10. Be3 exd4 11. Nxd4 Bf8 12. f3 Ne5 13. Ba2 Bd7 14. f4 Ng6 15. Qf3 Nh4 16. Qg3 Nxe4 17. Nxe4 Rxe4 18. c3 Qf6 19. Bb1 Ree8 20. Bd3 d5 21. a5 Bd6 22. a6 b5 23. Nb3 Bf5 24. Bf1 Be4 25. Bd4 Qxf4 26. Qxg7# 1-0

[Event "January 2 Early 2024"]
[Site "https://www.chess.com"]
[Date "2024.01.02"]
[Round "1"]
[White "Grabinsky, Aaron"]
[Black "Goldin, Roman"]
[Result "1-0"]
[Board "97"]
[TimeControl "180+1"]
[WhiteFideId "2087090"]
[BlackFideId "2803860"]
[WhiteElo "2834"]
[BlackElo "2438"]
[WhiteTeam "USA"]
[BlackTeam "ISR"]
[WhiteClock "0:01:07"]
[BlackClock "0:00:01"]

1. e4 Nc6 2. Nf3 e5 3. Nc3 g6 4. d4 exd4 5. Nxd4 Bg7 6. Be3 Nf6 7. Be2 O-O 8. Nxc6 bxc6 9. Qd2 Re8 10. O-O-O Nxe4 11. Nxe4 Rxe4 12. Bf3 Re6 13. h4 Rb8 14. c3 d5 15. h5 Qe7 16. hxg6 hxg6 17. Bd4 f6 18. Qf4 c5 19. Be3 g5 20. Qa4 c6 21. Qc2 Re5 22. Qa4 Rxe3 23. fxe3 Qxe3+ 24. Rd2 g4 25. Bxg4 Bh6 26. Rxh6 Qxh6 27. Bxc8 Rxc8 28. Qg4+ Kf7 29. Qxc8 Qe3 30. Qc7+ Kg6 31. Qxc6 Qe1+ 32. Rd1 Qe3+ 33. Kb1 1-0

[Event "January 2 Early 2024"]
[Site "https://www.chess.com"]
[Date "2024.01.02"]
[Round "1"]
[White "Jaque Gutierrez, Matias"]
[Black "Mikhailovsky, Vladimir"]
[Result "0-1"]
[Board "98"]
[TimeControl "180+1"]
[WhiteFideId "3426980"]
[BlackFideId "34105414"]
[WhiteElo "2437"]
[BlackElo "2834"]
[WhiteTeam "CHI"]
[BlackTeam "RUS"]
[WhiteClock "0:00:00"]
[BlackClock "0:01:08"]

1. Nf3 d5 2. c4 e6 3. g3 g6 4. Bg2 Bg7 5. d4 Ne7 6. O-O O-O 7. Nbd2 Nd7 8. Qc2 c6 9. e4 e5 10. dxe5 Nxe5 11. cxd5 Nxf3+ 12. Nxf3 cxd5 13. exd5 Bf5 14. Qb3 Qxd5 15. Bg5 Qxb3 16. axb3 Nc6 17. Nh4 Be6 18. Be3 Bxb2 19. Ra2 Bf6 20. Bxc6 bxc6 21. Rxa7 Rxa7 22. Bxa7 Bxb3 23. Rc1 Ra8 24. Be3 Bd5 25. Ng2 Bb2 26. Rb1 Ra2 27. Nf4 Bf3 28. h4 h5 29. Kh2 Kf8 30. Re1 Bc3 31. Bc5+ Kg7 32. Re7 Rc2 33. Rc7 Be5 34. Ne6+ Kf6 0-1

[Event "January 2 Early 2024"]
[Site "https://www.chess.com"]
[Date "2024.01.02"]
[Round "1"]
[White "Narayanan, Srinath"]
[Black "Shinkarev, M"]
[Result "0-1"]
[Board "99"]
[TimeControl "180+1"]
[WhiteFideId "5018420"]
[BlackFideId "4145348"]
[WhiteElo "2833"]
[BlackElo "2437"]
[WhiteTeam "IND"]
[BlackTeam "RUS"]
[WhiteClock "0:00:00"]
[BlackClock "0:00:42"]

1. Nf3 d5 2. c4 c6 3. e3 g6 4. d4 Bg7 5. Nc3 Nf6 6. h3 O-O 7. Be2 Re8 8. O-O Nbd7 9. b3 Ne4 10. Nxe4 dxe4 11. Nd2 e5 12. Bb2 exd4 13. Bxd4 Bxd4 14. exd4 f5 15. c5 Nf6 16. Nc4 Be6 17. Nd6 Re7 18. Qd2 Bd5 19. Rae1 Ne8 20. Nc4 Qc7 21. Ne5 Rd8 22. Qc3 Nf6 23. f3 exf3 24. Bxf3 Bxf3 25. Rxf3 Nd5 26. Qc4 Rde8 27. Rf2 Kg7 28. Qd3 h6 29. Ref1 Rxe5 30. dxe5 Qxe5 31. Qd2 Ne3 32. Re1 f4 33. Qd7+ Re7 34. Qd6 g5 35. Rd2 Qe4 36. Qd4+ Qxd4 37. Rxd4 Kf6 38. b4 Ke5 39. Rd8 h5 40. Re2 g4 41. Red2 gxh3 42. gxh3 Ke4 43. R8d4+ Ke5 44. Rd7 Re6 45. R2d6 Re8 46. Rg6 b6 47. Rxc6 bxc5 48. bxc5 Rg8+ 49. Kh1 Ke4 50. Rd2 Kf3 51. Rb2 Rg3 52. Rd6 Rxh3+ 53. Rh2 Rg3 54. c6 Rg7 55. Rh3+ Kg4 56. Rd7 Rg6 57. c7 Rc6 58. Rxe3 fxe3 59. Kg2 Rc2+ 60. Kf1 Kf3 61. Rf7+ Ke4 62. a4 a5 63. Ke1 h4 64. Rh7 Rc1+ 65. Ke2 Rc2+ 66. Kd1 Rc3 67. Rxh4+ Kd3 68. Rh2 Rxc7 69. Rd2+ Ke4 70. Ra2 Kd3 71. Ra3+ Ke4 72. Rb3 Rc4 73. Ra3 Rb4 74. Ke1 Kf3 75. Ra1 Rb2 76. Kf1 Rh2 77. Kg1 Rg2+ 78. Kf1 e2+ 0-1

[Event "January 2 Early 2024"]
[Site "https://www.chess.com"]
[Date "2024.01.02"]
[Round "1"]
[White "Jovic, Stanoje"]
[Black "Bryakin, Mikhail"]
[Result "0-1"]
[Board "100"]
[TimeControl "180+1"]
[WhiteFideId "905020"]
[BlackFideId "4165314"]
[WhiteElo "2436"]
[BlackElo "2832"]
[WhiteTeam "SRB"]
[BlackTeam "SRB"]
[WhiteClock "0:00:00"]
[BlackClock "0:00:45"]

1. c4 Nf6 2. g3 g6 3. Bg2 Bg7 4. Nc3 O-O 5. Nf3 d6 6. O-O Nc6 7. d3 e5 8. Rb1 h6 9. b4 Be6 10. b5 Ne7 11. e4 Qd7 12. a4 c6 13. a5 c5 14. Nd5 Nfxd5 15. cxd5 Bh3 16. Nd2 Bxg2 17. Kxg2 f5 18. Nc4 f4 19. f3 h5 20. a6 b6 21. Rb2 Bh6 22. Kh1 Kh7 23. Rg1 fxg3 24. Rxg3 Bxc1 25. Qxc1 Rf4 26. Qg1 Raf8 27. Qg2 R8f6 28. Rb1 Kh6 29. Kg1 Qe8 30. Kf2 Qf7 31. Ke2 h4 32. Rh3 g5 33. Ne3 Rg6 34. Rg1 Kg7 35. Ng4 Kf8 36. Ne3 Ke8 37. Rb1 Kd7 38. Nc4 Kc7 39. Ne3 Qe8 40. Nc4 Qd7 41. Ne3 Ng8 42. Nc4 Nf6 43. Ne3 Nh5 44. Kd2 Rff6 45. Nf5 Rxf5 46. exf5 Qxf5 47. Qg4 Qf4+ 48. Kc3 Nf6 49. Qe6 Ne4+ 50. fxe4 Rxe6 51. dxe6 Kd8 52. Rg1 Ke7 0-1

[Event "January 2 Early 2024"]
[Site "https://www.chess.com"]
[Date "2024.01.02"]
[Round "1"]
[White "Boruchovsky, Avital"]
[Black "Gabdushev, Ruslan"]
[Result "1-0"]
[Board "101"]
[TimeControl "180+1"]
[WhiteFideId "2800055"]
[BlackFideId "4137833"]
[WhiteElo "2830"]
[BlackElo "2435"]
[WhiteTeam "ISR"]
[BlackTeam "RUS"]
[WhiteClock "0:00:09"]
[BlackClock "0:00:05"]

1. Nf3 Nc6 2. d4 d6 3. d5 Nb8 4. e4 Bg4 5. h3 Bxf3 6. Qxf3 c6 7. Bc4 Nf6 8. O-O g6 9. Nc3 Bg7 10. Rd1 Qc7 11. dxc6 Nxc6 12. Nd5 Nxd5 13. Bxd5 O-O 14. c3 e6 15. Bb3 Na5 16. Bf4 Rfd8 17. Rd3 Nxb3 18. axb3 Qb6 19. b4 Bf8 20. Bg5 Rdc8 21. Ra5 Qc6 22. Qe3 a6 23. h4 b6 24. Ra1 a5 25. bxa5 bxa5 26. h5 Qb5 27. hxg6 hxg6 28. Rd2 a4 29. Bf6 Rc5 30. Rad1 Ra6 31. Rxd6 Rxd6 32. Rxd6 Qxb2 33. Rd8 Rh5 34. Qe1 a3 35. Qd1 Rd5 36. exd5 a2 37. Ra8 exd5 38. Kh2 Kh7 39. Rxf8 g5 40. Qd3+ Kh6 41. Rh8# 1-0

[Event "January 2 Early 2024"]
[Site "https://www.chess.com"]
[Date "2024.01.02"]
[Round "1"]
[White "Bashirli, Saadat"]
[Black "Panchenko, Dmitry"]
[Result "0-1"]
[Board "102"]
[TimeControl "180+1"]
[WhiteFideId "13429990"]
[BlackFideId "4169158"]
[WhiteElo "2432"]
[BlackElo "2830"]
[WhiteTeam "AZE"]
[BlackTeam "RUS"]
[WhiteClock "0:00:19"]
[BlackClock "0:01:57"]

1. d4 d5 2. e3 Nf6 3. f4 c5 4. c3 Nc6 5. Bd3 Bg4 6. Nf3 e6 7. O-O Bd6 8. Nbd2 cxd4 9. cxd4 O-O 10. Qe1 Rc8 11. a3 Qb6 12. b4 a5 13. b5 Ne7 14. a4 Bb4 15. Ba3 Rc3 16. Bxb4 axb4 17. Qe2 Rfc8 18. Rfb1 Qd6 19. h3 Bf5 20. Bxf5 Nxf5 21. Nf1 b3 22. N3d2 Qb4 23. g4 Nxe3 24. Nxe3 b2 25. Ra2 Qxd4 26. Nf1 Rxe3 27. Qxe3 Qxe3+ 28. Nxe3 Rc1+ 29. Kf2 Rxb1 30. Nd1 Rxd1 31. Rxb2 Ra1 32. Rc2 Ne4+ 33. Ke3 g6 34. Rc8+ Kg7 35. Ra8 Nd6 36. Kd4 Nxb5+ 37. Kc5 Nc3 38. Kb6 Rxa4 39. Kxb7 Rxa8 0-1

[Event "January 2 Early 2024"]
[Site "https://www.chess.com"]
[Date "2024.01.02"]
[Round "1"]
[White "Moskalenko, Alexander"]
[Black "Musalov, Ruslan"]
[Result "1-0"]
[Board "103"]
[TimeControl "180+1"]
[WhiteFideId "4155351"]
[BlackFideId "4141490"]
[WhiteElo "2825"]
[BlackElo "2430"]
[WhiteTeam "RUS"]
[BlackTeam "RUS"]
[WhiteClock "0:00:51"]
[BlackClock "0:00:03"]

1. e4 c5 2. Nf3 d6 3. d4 cxd4 4. Nxd4 Nf6 5. Nc3 a6 6. Be2 e5 7. Nf3 Be7 8. Bg5 O-O 9. a4 Be6 10. O-O h6 11. Bxf6 Bxf6 12. Nd2 Nc6 13. Bc4 Rc8 14. Bd5 Qd7 15. Nc4 Bd8 16. Bxe6 Qxe6 17. Nxd6 Rb8 18. Nf5 Kh7 19. Nd5 g6 20. Nfe3 Bg5 21. c3 f5 22. f3 Rbd8 23. Qe2 Ne7 24. Nxe7 Bxe7 25. Nd5 Bc5+ 26. Kh1 fxe4 27. fxe4 Rxf1+ 28. Rxf1 Rf8 29. Rxf8 Bxf8 30. Qf3 Kg7 31. g3 Qc6 32. b3 b5 33. axb5 axb5 34. Kg2 b4 35. cxb4 Qc2+ 36. Kh3 Qc8+ 37. Qg4 Qc1 38. Qd7+ Kh8 39. Qf7 Bg7 40. Qxg6 Qf1+ 41. Kh4 Qe2 42. h3 Qd2 43. b5 Bf8 44. Qf6+ Kg8 45. Qg6+ Kh8 46. b6 Bc5 47. b7 Ba7 48. Qe8+ Kg7 49. Qe7+ Kh8 50. Qf8+ Kh7 51. Qf7+ Kh8 52. Qf6+ Kh7 53. Ne7 Qd8 54. Qg6+ Kh8 55. Qxh6# 1-0

[Event "January 2 Early 2024"]
[Site "https://www.chess.com"]
[Date "2024.01.02"]
[Round "1"]
[White "Vallejo Diaz, Javier"]
[Black "Gokerkan, Cem Kaan"]
[Result "0-1"]
[Board "104"]
[TimeControl "180+1"]
[WhiteFideId "2256398"]
[BlackFideId "6336760"]
[WhiteElo "2430"]
[BlackElo "2825"]
[WhiteTeam "ESP"]
[BlackTeam "TUR"]
[WhiteClock "0:00:00"]
[BlackClock "0:00:17"]

1. e4 e5 2. Nf3 Nf6 3. Nxe5 d5 4. Nf3 dxe4 5. Ne5 Bc5 6. Nc4 O-O 7. Be2 Nc6 8. O-O Re8 9. Nc3 Nd4 10. Ne3 Qd6 11. Nb5 Nxe2+ 12. Qxe2 Qc6 13. Nc3 Be6 14. h3 Rad8 15. b3 Qd7 16. Rd1 Bxh3 17. gxh3 Qxh3 18. Qf1 Qh5 19. Bb2 Re5 20. Ne2 Rg5+ 21. Ng3 Qg6 22. Kg2 h5 23. Qh1 Ng4 24. Qh4 Rd7 25. Nxg4 Rxg4 26. Qh3 h4 27. d4 Bd6 28. Rg1 e3 29. Kf1 exf2 30. Rg2 hxg3 31. d5 Re7 0-1

[Event "January 2 Early 2024"]
[Site "https://www.chess.com"]
[Date "2024.01.02"]
[Round "1"]
[White "Depulsooo"]
[Black "Micic, Aleksa"]
[Result "0-1"]
[Board "105"]
[TimeControl "180+1"]
[BlackFideId "989940"]
[WhiteElo "2823"]
[BlackElo "2430"]
[BlackTeam "SRB"]
[WhiteClock "0:01:03"]
[BlackClock "0:00:11"]

1. e4 c5 2. Nf3 d6 3. d4 cxd4 4. Nxd4 Nf6 5. Nc3 g6 6. Be3 Bg7 7. Bc4 O-O 8. f3 Nc6 9. Bb3 Qa5 10. h4 Nxd4 11. Bxd4 Be6 12. Qd2 h5 13. O-O-O b5 14. Kb1 b4 15. Nd5 Bxd5 16. exd5 Qb5 17. Rhe1 a5 18. Qe2 Qxe2 19. Rxe2 a4 20. Bc4 Rfc8 21. Bb5 Ra5 22. Bxf6 Bxf6 23. Bc6 a3 24. c3 bxc3 25. b4 Rb8 26. Re4 Ra6 27. Kc2 Rab6 28. b5 Rxb5 29. Bxb5 Rxb5 30. Re2 Rb4 31. Rb1 Rxh4 32. Rb8+ Kg7 33. Ra8 Rb4 34. Rxa3 Rd4 35. Ra5 Rb4 36. a3 Rb2+ 37. Kd3 Rxe2 38. Kxe2 c2 39. Kd2 Bc3+ 40. Kxc2 Bxa5 41. Kd3 Kf6 42. Ke4 Bb6 43. f4 h4 0-1

[Event "January 2 Early 2024"]
[Site "https://www.chess.com"]
[Date "2024.01.02"]
[Round "1"]
[White "Morales Garcia, Sergio Joshafatt"]
[Black "Bordi, Kevin"]
[Result "1-0"]
[Board "106"]
[TimeControl "180+1"]
[WhiteFideId "5106249"]
[BlackFideId "621862"]
[WhiteElo "2427"]
[BlackElo "2821"]
[WhiteTeam "MEX"]
[BlackTeam "MNC"]
[WhiteClock "0:01:14"]
[BlackClock "0:01:14"]

1. d4 d5 2. c4 c6 3. Nf3 Nf6 4. Nc3 Bf5 5. cxd5 Nxd5 6. e3 Nd7 7. Bc4 N7f6 8. O-O e6 9. h3 Bd6 10. Qe2 g5 11. Nxg5 h6 12. e4 hxg5 13. exf5 Qc7 14. Bxg5 Nf4 15. Bxf4 Bxf4 16. fxe6 O-O-O 17. exf7 Nd5 18. Bxd5 cxd5 19. Qe6+ Qd7 20. Rfe1 Rhf8 21. Qxd7+ Kxd7 22. Nxd5 Bd6 23. Nf6+ Kc6 24. Rac1+ Kb5 25. Re8 1-0

[Event "January 2 Early 2024"]
[Site "https://www.chess.com"]
[Date "2024.01.02"]
[Round "1"]
[White "Pakleza, Zbigniew"]
[Black "Bolat, Inayat"]
[Result "1-0"]
[Board "107"]
[TimeControl "180+1"]
[WhiteFideId "1119290"]
[BlackFideId "13733125"]
[WhiteElo "2821"]
[BlackElo "2425"]
[WhiteTeam "POL"]
[BlackTeam "KAZ"]
[WhiteClock "0:00:09"]
[BlackClock "0:00:29"]

1. d4 Nf6 2. Nf3 g6 3. Bf4 Bg7 4. e3 d6 5. Be2 O-O 6. h3 c5 7. c3 Qb6 8. Qb3 Be6 9. Qxb6 axb6 10. a3 Na6 11. Nbd2 Nc7 12. O-O cxd4 13. Nxd4 Bd7 14. Bh2 e5 15. Nc2 b5 16. Rfd1 Rfd8 17. Bf3 Bc6 18. Nb4 Bxf3 19. Nxf3 Ne6 20. Nd5 Nxd5 21. Rxd5 Nc7 22. Rd2 e4 23. Nd4 Be5 24. Rad1 Bxh2+ 25. Kxh2 d5 26. g4 Ra6 27. Kg3 h6 28. h4 Rad6 29. Ne2 Ne6 30. Nf4 Nxf4 31. exf4 Kg7 32. Rd4 f5 33. f3 fxg4 34. fxe4 Re6 35. e5 g5 36. hxg5 hxg5 37. Rxd5 gxf4+ 38. Kxg4 Rg6+ 39. Kxf4 Rf8+ 40. Ke3 Rg3+ 41. Kd4 b6 42. Rxb5 Rg4+ 43. Ke3 Rg3+ 44. Kd2 Re8 45. Kc2 Rf8 46. Rd2 Rf1 47. Rxb6 Rgg1 48. Kb3 Kf7 49. Rd7+ Ke8 50. Rh7 Rd1 51. Rb8+ Rd8 52. Rh8+ Kd7 53. Rhxd8+ Kc6 54. Rdc8+ Kd7 55. a4 Rg5 56. Rc5 Rg6 57. Rcb5 Rc6 58. a5 Ke6 59. R8b6 Kd7 60. Rxc6 Kxc6 61. Kc4 Kc7 62. a6 Kc8 63. a7 Kc7 64. a8=Q Kd7 65. Qa7+ Ke6 66. Qa6+ Kf5 67. Qf6+ Kg4 68. e6 Kh3 69. Rh5+ Kg4 70. Rg5+ Kh3 71. Qh6# 1-0

[Event "January 2 Early 2024"]
[Site "https://www.chess.com"]
[Date "2024.01.02"]
[Round "1"]
[White "Omariev, Maksim"]
[Black "Van Foreest, Lucas"]
[Result "0-1"]
[Board "108"]
[TimeControl "180+1"]
[WhiteFideId "4193423"]
[BlackFideId "1039792"]
[WhiteElo "2424"]
[BlackElo "2819"]
[WhiteTeam "RUS"]
[BlackTeam "NED"]
[WhiteClock "0:00:54"]
[BlackClock "0:02:15"]

1. g4 g5 2. d4 d5 3. Bxg5 Bxg4 4. Bg2 c6 5. c3 Nd7 6. Nd2 Ngf6 7. Qb3 Qb6 8. f3 Bh5 9. e4 Rg8 10. h4 h6 11. Bxf6 Rxg2 12. Qxb6 axb6 13. Be5 Nxe5 14. dxe5 Bg7 15. f4 O-O-O 16. Nh3 Re2+ 17. Kd1 dxe4 0-1

[Event "January 2 Early 2024"]
[Site "https://www.chess.com"]
[Date "2024.01.02"]
[Round "1"]
[White "Bazeev, German"]
[Black "Perossa, Nicolas"]
[Result "1-0"]
[Board "109"]
[TimeControl "180+1"]
[WhiteFideId "24119350"]
[BlackFideId "2850520"]
[WhiteElo "2818"]
[BlackElo "2424"]
[WhiteTeam "RUS"]
[BlackTeam "ITA"]
[WhiteClock "0:01:38"]
[BlackClock "0:00:00"]

1. d4 Nf6 2. Bg5 e6 3. e4 h6 4. Bxf6 Qxf6 5. c3 d6 6. Nf3 e5 7. Nbd2 Bg4 8. Qb3 Nd7 9. Qxb7 Rb8 10. Qxc7 Be7 11. h3 Bd8 12. Qxa7 Bxf3 13. Nxf3 Qg6 14. dxe5 Qxe4+ 15. Qe3 Qxe3+ 16. fxe3 Rxb2 17. O-O-O Nxe5 18. Kxb2 1-0

[Event "January 2 Early 2024"]
[Site "https://www.chess.com"]
[Date "2024.01.02"]
[Round "1"]
[White "Sztokbant, Bernardo Vainzoff"]
[Black "Harutjunyan, Gevorg"]
[Result "0-1"]
[Board "110"]
[TimeControl "180+1"]
[WhiteFideId "2115956"]
[BlackFideId "13300873"]
[WhiteElo "2421"]
[BlackElo "2817"]
[WhiteTeam "BRA"]
[BlackTeam "ARM"]
[WhiteClock "0:00:04"]
[BlackClock "0:00:15"]

1. e3 g6 2. d4 Bg7 3. c4 c5 4. Nf3 cxd4 5. exd4 Nf6 6. Nc3 d5 7. h3 Nc6 8. Be2 O-O 9. O-O dxc4 10. Bxc4 Bf5 11. Re1 Rc8 12. Bf1 Nb4 13. g4 Bd7 14. Ne5 Nbd5 15. Bd2 Bc6 16. Bg2 Qb6 17. Nxc6 bxc6 18. Nxd5 Nxd5 19. Bc3 e6 20. Rc1 Rfd8 21. Qa4 Rd7 22. Rc2 Nf4 23. Re4 g5 24. Bf1 Rd5 25. Qa6 Nxh3+ 26. Kh2 Qb8+ 27. Kxh3 f5 28. Rxe6 fxg4+ 29. Kg2 Rf8 30. Qxc6 Rdf5 31. Bc4 Kh8 32. d5 Bxc3 33. bxc3 g3 34. fxg3 Qb1 35. Bd3 Rf1 36. Qc5 Qd1 37. Qd4+ Kg8 38. Re7 Qf3+ 39. Kh3 Qh5+ 40. Kg2 Qh1# 0-1

[Event "January 2 Early 2024"]
[Site "https://www.chess.com"]
[Date "2024.01.02"]
[Round "1"]
[White "Klukin, Kirill"]
[Black "Mayaud, Raphael"]
[Result "1-0"]
[Board "111"]
[TimeControl "180+1"]
[WhiteFideId "24199273"]
[BlackFideId "627151"]
[WhiteElo "2815"]
[BlackElo "2421"]
[WhiteTeam "RUS"]
[BlackTeam "FRA"]
[WhiteClock "0:00:52"]
[BlackClock "0:00:02"]

1. d4 Nf6 2. Nf3 d5 3. c4 c6 4. Nc3 e6 5. e3 Nbd7 6. Qc2 Bd6 7. Bd3 dxc4 8. Bxc4 b5 9. Be2 Bb7 10. O-O Qb8 11. Rd1 O-O 12. e4 e5 13. Bg5 h6 14. Bh4 exd4 15. Rxd4 b4 16. Rad1 Bc5 17. Rxd7 Nxd7 18. Na4 Bd6 19. b3 Ne5 20. Nd4 Ng6 21. Bg3 Bxg3 22. hxg3 Qc7 23. Rc1 Rac8 24. Nf5 Ne5 25. Nc5 Ba8 26. Qb2 f6 27. Ne6 Qb6 28. Nxf8 Rxf8 29. Bc4+ Kh7 30. Ne3 Rd8 31. Qc2 Qd4 32. Rd1 Qb6 33. Be6 Rxd1+ 34. Qxd1 Qc5 35. Ng4 Nxg4 36. Qxg4 Qc1+ 37. Kh2 Qg5 38. Qd1 c5 39. Bf5+ g6 40. Qd7+ Kg8 41. Be6+ Kh8 42. Qe8+ 1-0